 Dungeon Crawl Stone Soup version 0.13.1-2-gfb2c2b7 (webtiles) character file.

240 Lilouch the Skirmisher (level 4, -3/34 HPs)
             Began as a Mummy Chaos Knight on Dec 12, 2013.
             Was a Plaything of Xom.
             Slain by Ijyb
             ... wielding a +6,+5 club
              (8 damage)
             ... on Level 3 of the Dungeon.
             The game lasted 00:04:26 (1903 turns).

Lilouch the Skirmisher (Mummy Chaos Knight)         Turns: 1903, Time: 00:04:26

HP  -3/34        AC  6     Str 16      XL: 4   Next: 82%
MP  13/13        EV 10     Int 11      God: Xom
Gold 115         SH  0     Dex 11      Spells:  0 memorised,  3 levels left

Res.Fire  : x . .   See Invis. : +   p - +1 spear (slay drac)
Res.Cold  : + . .   Warding    : .   b - +2 leather armour
Life Prot.: + + +   Conserve   : .   (no shield)
Res.Poison: +       Res.Corr.  : .   (no helmet)
Res.Elec. : .       Clarity    : .   (no cloak)
Sust.Abil.: . .     Spirit.Shd : .   g - +0 pair of elf gauntlets
Res.Mut.  : .       Stasis     : .   (no boots)
Res.Rott. : +       Flight     : .   (no amulet)
Saprovore : . . .                    j - ring of see invisible
                                     c - ring of magical power

@: slightly resistant to hostile enchantments, very unstealthy
A: no food or potions, fire vulnerability, restore body, cold resistance 1, life
protection 3, poison resistance, torment resistance, unbreathing
a: Renounce Religion


You were on level 3 of the Dungeon.
You worshipped Xom.
You were a toy of Xom.
You were not hungry.

You visited 1 branch of the dungeon, and saw 3 of its levels.

You collected 95 gold pieces.

Inventory:

Hand weapons
 a - a +0,+0 spear of chaos {=f}
 p - a +1,+1 spear of dragon slaying (weapon)
Missiles
 h - 41 bolts
 n - 2 needles of confusion
Armour
 b - a +2 leather armour (worn)
 g - a +0 pair of elven gauntlets (worn)
Scrolls
 d - 2 scrolls of remove curse {unknown}
 e - 5 scrolls of identify {unknown}
 f - 2 scrolls of noise {unknown}
 i - a scroll of enchant weapon II {unknown}
 k - a scroll of blinking {unknown}
 l - a scroll of curse weapon {unknown}
 m - a scroll of curse jewellery {unknown}
 o - a scroll of fear {unknown}
Jewellery
 c - a ring of magical power (left hand)
 j - a ring of see invisible (right hand)


   Skills:
 + Level 3.9 Fighting
 + Level 3.3 Polearms
 + Level 2.8 Armour
 - Level 0.7 Dodging


You had 3 spell levels left.
You didn't know any spells.

Dungeon Overview and Level Annotations

Branches:
Dungeon (3/27)

Altars:

Annotations:
D:3 Ijyb


Innate Abilities, Weirdness & Mutations

You do not eat or drink.
Your flesh is vulnerable to fire.
Your flesh is cold resistant.
You are immune to negative energy.
Your system is resistant to poisons.
You are immune to unholy pain and torment.
You can survive without breathing.


Message History

Ijyb is severely wounded.
Ijyb closely misses you.
You hit Ijyb.
Ijyb is severely wounded.
Ijyb hits you but does no damage.
You hit Ijyb.
Ijyb is severely wounded.
You hit Ijyb but do no damage.
Ijyb is severely wounded.
Ijyb barely misses you.
You hit Ijyb.
Ijyb is almost dead.
Ijyb closely misses you.
You closely miss Ijyb.
Ijyb is almost dead.
Ijyb barely misses you.
You hit Ijyb but do no damage.
Ijyb is almost dead.
Ijyb hits you with a club!
You die...

.# #..# ...
.# #..#
......... .#
#..#
..........#
.# #..#
#..........#
.# #..#
#.........)#
.# #..#
#..........#
.# #..#
#..........#
.# #..#
#......g.."#
.# #..#
#.....@....#
.# #..#
#..........#
.# #..#
#..........#
.# #..#
#..........#
.# #..#
#..........#
.# #..#
#..........#
.# #..#
#..........#
.# #..#
#..........#
.# #..#
#..........#


You could see Ijyb.

Vanquished Creatures
  4 gnolls (D:3)
  4 adders (D:2)
  A worm (D:2)
  A giant gecko (D:3)
  An orc (D:3)
  A giant cockroach (D:2)
  9 hobgoblins
  3 jackals (D:2)
  A quokka (D:2)
  7 bats
  2 giant newts (D:2)
  3 goblins
  4 kobolds
  6 rats
47 creatures vanquished.

Notes
Turn   | Place    | Note
--------------------------------------------------------------
     0 | D:1      | Lilouch, the Mummy Chaos Knight, began the quest for the Orb.
     0 | D:1      | Reached XP level 1. HP: 16/16 MP: 1/1
   467 | D:1      | XOM: divination: detect creatures
   472 | D:1      | XOM: harmless Chrm miscast
   520 | D:1      | Reached XP level 2. HP: 22/22 MP: 2/2
   816 | D:2      | XOM: silly message
   819 | D:2      | Reached XP level 3. HP: 20/28 MP: 3/3
  1173 | D:2      | Reached XP level 4. HP: 27/34 MP: 4/4
  1419 | D:2      | XOM: harmless Pois miscast
  1562 | D:3      | XOM: potion effect (agility)
  1596 | D:3      | XOM: potion effect (might)
  1748 | D:3      | XOM: harmless Erth miscast
  1868 | D:3      | Noticed Ijyb
  1903 | D:3      | Slain by Ijyb

Action                   |  1- 3 |  4- 6 || total
-------------------------+-------+-------++-------
Melee: Spear             |   132 |   107 ||   239
 Stab: Paralysed         |     5 |       ||     5
       Confused          |     1 |       ||     1
       Petrifying        |     1 |     1 ||     2
